 Dungeon Crawl Stone Soup version 0.29.1-4-g47bece8355 (webtiles) character file.

Game seed: 6760215859343976333

16 CaptainMV the Stinger (level 2, 0/20 HPs)
             Began as a Draconian Venom Mage on Dec 7, 2022.
             Slain by a worm (2 damage)
             ... on level 2 of the Dungeon.
             The game lasted 00:06:33 (435 turns).

CaptainMV the Stinger (Draconian Venom Mage)         Turns: 435, Time: 00:06:33

Health: 0/20       AC:  4    Str: 10    XL:     2   Next: 37%
Magic:  4/5        EV: 12    Int: 15    God:
Gold:   33         SH:  0    Dex: 11    Spells: 4/5 levels left

rFire   . . .      SeeInvis .   b - +0 dagger
rCold   . . .      Faith    .   (no shield)
rNeg    . . .      Spirit   .   (body armour unavailable)
rPois   .          Reflect  .   (helmet restricted)
rElec   .          Harm     .   (no cloak)
rCorr   .          Rampage  .   (no gloves)
Will    .....                   (no boots)
Stlth   ++........              (no amulet)
HPRegen 0.06/turn               (no ring)
MPRegen 0.09/turn               (no ring)

@: no status effects
A: AC +4, unfitting armour, cold-blooded
a: no special abilities


You were on level 2 of the Dungeon.
You visited 1 branch of the dungeon, and saw 2 of its levels.

You collected 33 gold pieces.

Inventory:

Hand Weapons
 b - a +0 dagger (weapon)
Missiles
 i - 2 poisoned darts
 j - a throwing net
Scrolls
 c - a scroll of enchant armour {unknown}
 d - a scroll of amnesia {unknown}
 h - a scroll of identify {unknown}
 l - a scroll of noise {unknown}
Potions
 a - a potion of magic
 e - a potion of might {unknown}
 f - a potion of curing {unknown}
 g - 2 potions of heal wounds {unknown}
 k - a potion of invisibility {unknown}


   Skills:
 + Level 0.2 Short Blades
 + Level 1.7 Dodging
 + Level 2.0 Stealth
 + Level 2.1 Spellcasting
 + Level 1.0 Transmutations
 + Level 3.5 Poison Magic


You had 4 spell levels left.
You knew the following spells:

 Your Spells              Type           Power      Damage    Failure   Level
a - Sting                 Tmut/Pois      32%        1d4       9%          1

Your spell library contained the following spells:

 Spells                   Type           Power      Damage    Failure   Level
 Poisonous Vapours        Pois/Air       12%        N/A       16%         2
 Mephitic Cloud           Conj/Pois/Air  5%         N/A       38%         3
 Olgreb's Toxic Radiance  Pois           12%        N/A       45%         4
 Ozocubu's Armour         Ice            1%         N/A       54%         3
 Metabolic Englaciation   Hex/Ice        0%         N/A       99%         5
 Simulacrum               Ice/Necr       0%         N/A       100%        6


Dungeon Overview and Level Annotations

Branches:
Dungeon (2/15)

Altars:

Shops:
D:1 =


Innate Abilities, Weirdness & Mutations

Your plain brown scales are hard. (AC +4)
You cannot fit into any form of body armour.
You are cold-blooded and may be slowed by cold attacks.


Message History

Confirm with . or Enter, or press ? or * to list all spells.
Aiming: Sting (safe; 9% risk of failure)
Press: ? - help, Shift-Dir - straight line, f - worm
Aim: a worm (89% to hit)
The sting hits the worm but does no damage.
The worm is poisoned.
You barely miss the worm.
The worm is lightly wounded.
The worm barely misses you.
You barely miss the worm.
The worm is lightly wounded.
You hit the worm.
The worm is moderately wounded.
The worm bites you.
You hit the worm but do no damage.
Your tail-slap misses the worm.
The worm is moderately wounded.
You hit the worm.
The worm is heavily wounded.
The worm looks more healthy.
The worm bites you.
You hit the worm.
The worm is severely wounded.
The worm bites you!
Ouch! That really hurt!
You hit the worm but do no damage.
The worm is severely wounded.
You hit the worm but do no damage.
The worm is severely wounded.
The worm bites you!
* * * LOW HITPOINT WARNING * * *
Casting: Sting (safe; 9% risk of failure)
Confirm with . or Enter, or press ? or * to list all spells.
Aiming: Sting (safe; 9% risk of failure)
Press: ? - help, Shift-Dir - straight line, f/p - worm
Aim: a worm (severely wounded, 89% to hit)
The sting hits the worm.
The worm is poisoned.
The worm is severely wounded.
You hit the worm.
The worm is severely wounded.
The worm bites you.
You die...

......##........#
......##........#
########.<......#
### ##..###### ..#
###.## #####
..#####...# #...#
.....<..### #...#
.....#### #####w..#
......######...!@..#
.............##.<..#
......#....##.!....#
..###....####.######
... ####.# ...# ##
#.#.#### ... ####


You could see a worm (poisoned).

Vanquished Creatures
  A dart slug (D:1)
  A bat (D:2)
  An endoplasm (D:2)
  A giant cockroach (D:1)
  3 goblins
  A hobgoblin (D:2)
  A kobold (D:1)
  A ball python (D:2)
  A frilled lizard (D:2)
  A rat (D:2)
12 creatures vanquished.

Notes
Turn   | Place    | Note
-------+----------+-------------------------------------------
     0 | D:1      | CaptainMV the Draconian Venom Mage began the quest for the
                  | Orb.
     0 | D:1      | Reached XP level 1. HP: 14/14 MP: 3/3
   169 | D:1      | Found Vimunypu's One-of-a-Kind Rings.
   203 | D:1      | Reached XP level 2. HP: 17/20 MP: 5/5
   289 | D:1      | You fall into a shaft and drop 1 floor!
   435 | D:2      | Slain by a worm

Illustrated notes

Levels and vault maps discovered:
D:1:      wander_arrival_estate, layout_loops_ring, serial_shops,
          nicolae_shop_temple_entry_statues_fountains, dk_noncrumbling_3,
          supply_closet_lemuel, minmay_liquid_box, minmay_misc_feat_pillars,
          nicolae_shop_unique_rings
D:2:      kennysheep_the_goblin_king, layout_rooms

Skill      XL: |  1  2 |
---------------+-------+-----
Stealth        | 2 |  2.0
Short Blades   | |  0.2
Dodging        | |  1.7
Spellcasting   | |  2.1
Transmutations | |  1.0
Poison Magic   | |  3.5

Action                   || total
-------------------------++-------
Melee: Dagger            ||    50
       Unarmed           ||     1
       Punch             ||     1
       Tailslap          ||     2
 Cast: Sting             ||     8
 Stab: Sleeping          ||     1
Armor: Skin              ||    14
Dodge: Dodged            ||    19
